 Dungeon Crawl Stone Soup version 0.21.1-1-g345015fe64 (webtiles) character file.

238 Henning the Cudgeler (level 5, -3/53 HPs)
             Began as a Troll Berserker on June 12, 2018.
             Was a Believer of Trog.
             Slain by Niraks's ghost (18 damage)
             ... on level 4 of the Dungeon.
             The game lasted 00:12:31 (1685 turns).

Henning the Cudgeler (Troll Berserker)              Turns: 1685, Time: 00:12:31

Health: -3/53      AC:  5    Str: 26    XL:     5   Next: 78%
Magic:  4/4        EV: 11    Int:  3    God:    Trog [**....]
Gold:   193        SH:  0    Dex:  9    Spells: 4/4 levels left

rFire    . . .     SeeInvis .   a - +0 mace
rCold    . . .     Gourm    +   (no shield)
rNeg     . . .     Faith    .   b - +0 animal skin
rPois    .         Spirit   .   (helmet restricted)
rElec    .         Reflect  .   (no cloak)
rCorr    .         Harm     .   (gloves unavailable)
MR       ++...                  (boots unavailable)
Stlth    +.........             (no amulet)
HPRegen  1.57/turn              (no ring)
MPRegen  0.09/turn              (no ring)

@: berserk cooldown, regenerating, slowed, very slow
A: large, unfitting armour, claws 3, fast metabolism 3, gourmand, regeneration
1, shaggy fur 1, tough skin 2
a: Berserk, Trog's Hand, Burn Spellbooks, Renounce Religion


You were on level 4 of the Dungeon.
You worshipped Trog.
Trog was pleased with you.
You were very full.

You visited 1 branch of the dungeon, and saw 4 of its levels.

You collected 193 gold pieces.

Inventory:

Hand Weapons
 a - a +0 mace (weapon)
Missiles
 e - 59 arrows
 j - 2 throwing nets (quivered)
 r - 4 silver javelins
Armour
 b - a +0 animal skin (worn)
Jewellery
 t - a +3 ring of strength {unknown}
 u - a +6 ring of strength {unknown}
Scrolls
 f - a scroll of amnesia {unknown}
 g - a scroll of enchant armour {unknown}
 i - a scroll of noise {unknown}
 k - 3 scrolls of enchant weapon {unknown}
 l - 3 scrolls of remove curse {unknown}
 o - a scroll of identify {unknown}
Potions
 d - a potion of might {unknown}
 m - a potion of lignification {unknown}
 n - a potion of flight {unknown}
 p - a potion of agility {unknown}
 q - a potion of degeneration {unknown}
 s - a potion of brilliance {unknown}
 v - a potion of haste {unknown}
 w - a potion of resistance {unknown}
Comestibles
 c - 4 rations
 h - 2 chunks of flesh


   Skills:
 + Level 3.4 Fighting
 * Level 4.6 Maces & Flails
 + Level 3.4 Dodging


You had 4 spell levels left.
You didn't know any spells.

Dungeon Overview and Level Annotations

Branches:
Dungeon (4/15)             Temple (0/1) D:4

Altars:
Vehumet

Shops:
D:4 =

Annotations:
D:4 Niraks's ghost, amateur MiBe


Innate Abilities, Weirdness & Mutations

You are too large for most types of armour.
You have claws for hands.
Your metabolism is lightning-fast.
You like to eat raw meat.
Your natural rate of healing is unusually fast.
You are covered in fur. (AC +1)
You have very tough skin. (AC +2)


Message History

Niraks's ghost barely misses you.
You sock Niraks's ghost!
Niraks's ghost is heavily damaged.
Niraks's ghost hits you!
You sock Niraks's ghost!
Niraks's ghost is severely damaged.
You barely miss Niraks's ghost.
Niraks's ghost is severely damaged.
Niraks's ghost hits you!
* * * LOW HITPOINT WARNING * * *
x2 You feel a strong urge to attack something.
Found Tuopp's Jewellery Shoppe.
You are no longer berserk.
You pass out from exhaustion.
You feel yourself slow down.
You can move again.
Your skin crawls.
You feel resistant to hostile enchantments.
You feel somewhat less full. Niraks's ghost hits you!!
You die...

#####.....#
#...#..#
###.##..#
#.# #h##
#†# ..##
#.# ....
##.##...##
#.Wh..#
#.@...#
#.....#
#....##
.....#
......#
#⌠.⌠...#
#.∩....#
#⌠.⌠####


You could see Niraks's ghost and a jackal.

Vanquished Creatures
  A sky beast (D:4)
  The ghost of AmmanPL the Chiller, an amateur MfIE (D:3)
  2 adders
  2 worms (D:3)
  3 dart slugs
  2 leopard geckos
  An orc (D:3)
  2 bats
  A giant cockroach (D:2)
  5 goblins
  8 hobgoblins
  2 jackals (D:4)
  4 kobolds
  2 quokkas (D:3)
  2 ball pythons
  3 frilled lizards
  3 rats
44 creatures vanquished.

Notes
Turn   | Place    | Note
-------+----------+-------------------------------------------
     0 | D:1      | Henning the Troll Berserker began the quest for the Orb.
     0 | D:1      | Reached XP level 1. HP: 22/22 MP: 0/0
   378 | D:1      | Reached skill level 3 in Maces & Flails
   378 | D:1      | Reached XP level 2. HP: 27/29 MP: 1/1
   673 | D:2      | Reached XP level 3. HP: 34/36 MP: 2/2
   697 | D:3      | Noticed AmmanPL's ghost (amateur MfIE)
   873 | D:2      | Reached ** piety under Trog
   875 | D:2      | Found a radiant altar of Vehumet.
  1501 | D:3      | Reached XP level 4. HP: 25/44 MP: 3/3
  1558 | D:3      | Killed AmmanPL's ghost
  1558 | D:3      | Reached skill level 4 in Maces & Flails
  1558 | D:3      | Reached XP level 5. HP: 53/53 MP: 4/4
  1626 | D:4      | Found a staircase to the Ecumenical Temple.
  1628 | D:4      | Noticed a sky beast
  1648 | D:4      | Noticed Niraks's ghost (amateur MiBe)
  1672 | D:4      | Killed a sky beast
  1682 | D:4      | Found Tuopp's Jewellery Shoppe.
  1685 | D:4      | Slain by Niraks's ghost

Skill      XL: |  1  2  3  4 |
---------------+-------------+-----
Maces & Flails | 3 4 |  4.6
Fighting       | 3 |  3.4
Dodging        | 3 |  3.4

Action                   |  1- 3 |  4- 6 || total
-------------------------+-------+-------++-------
Melee: Mace              |   153 |    55 ||   208
Invok: Burn Spellbooks   |     1 |       ||     1
       Berserk           |       |     2 ||     2
       Trog's Hand       |       |     2 ||     2
  Eat: Chunk             |    20 |     2 ||    22
Armor: Animal skin       |    44 |    26 ||    70
Dodge: Dodged            |   102 |    27 ||   129
